 Dungeon Crawl Stone Soup version 0.28-a0-909-g796cbd3a86 (webtiles) character file.

Game seed: 14978022136295591565

1 Froggeryz the Sneak (level 1, -1/14 HPs)
             Began as a Gargoyle Delver on Nov 24, 2021.
             Slain by a water moccasin (5 damage)
             ... on level 7 of the Dungeon.
             The game lasted 00:00:56 (212 turns).

Froggeryz the Sneak (Gargoyle Delver)                Turns: 212, Time: 00:00:57

Health: -1/14      AC:  5    Str: 15    XL:     1   Next: 20%
Magic:  1/1        EV: 11    Int: 10    God:
Gold:   6          SH:  0    Dex: 11    Spells: 0/0 levels left

rFire   . . .      SeeInvis .   a - +0 mace
rCold   . . .      Faith    .   (no shield)
rNeg    + . .      Spirit   .   b - +0 leather armour
rPois   ∞          Reflect  .   (no helmet)
rElec   +          Harm     .   (no cloak)
rCorr   .          Rampage  .   (no gloves)
Will    .....                   (no boots)
Stlth   +++.......              (no amulet)
HPRegen 0.04/turn               (no ring)
MPRegen 0.07/turn               (no ring)

@: no status effects
A: sickness immunity, AC +2, negative energy resistance 1, electricity
resistance, torment resistance 1, petrification resistance
a: no special abilities


You were on level 7 of the Dungeon.
You visited 1 branch of the dungeon, and saw 3 of its levels.

You collected 6 gold pieces.

Inventory:

Hand Weapons
 a - a +0 mace (weapon)
Missiles
 i - 8 poisoned darts (quivered)
Armour
 b - a +0 leather armour (worn)
Wands
 g - a wand of digging (3)
 j - a wand of acid (9)
Scrolls
 c - a scroll of fog
 d - a scroll of magic mapping
 e - a scroll of fear
Potions
 f - a potion of haste
 h - a potion of flight {unknown}


   Skills:
 - Level 3.2 Fighting
 * Level 2.0 Maces & Flails
 + Level 0.1 Throwing
 - Level 1.5 Dodging
 - Level 5.4 Stealth


You couldn't memorise any spells.
You didn't know any spells.
Your spell library was empty.

Dungeon Overview and Level Annotations

Branches:
Dungeon (8/15)
 Temple: D:4-7         Lair: D:8-11

Altars:
Uskayaw


Innate Abilities, Weirdness & Mutations

You are immune to sickness and miasma.
Your stone body is resilient. (AC +2)
You are immune to poison.
You resist negative energy. (rN+)
You are resistant to electric shocks. (rElec)
You are resistant to unholy torment.
You are immune to petrification.


Message History

The jackal closely misses you.
The jackal bites you but does no damage.
The jackal bites you but does no damage.
Found 14 gold pieces.
The jackal closely misses you. The jackal bites you.
You barely miss the jackal.
The jackal bites you but does no damage.
The jackal closely misses you.
You sock the jackal!
You kill the jackal!
Found a worn ivory wand.
j - a wand of acid (10)
A gnoll sergeant comes into view. It is wielding a +2 vampiric trident.
The gnoll sergeant shouts!
A gnoll comes into view. It is wielding a +0 spear.
You start resting.
A water moccasin is nearby!
The water moccasin hisses angrily.
The gnoll closely misses you.
The gnoll hits you from afar with a +0 spear.
The gnoll hits you with a +0 spear. The water moccasin bites you.
The gnoll hits you with a +0 spear.
* * * LOW HITPOINT WARNING * * *
The gnoll hits you but does no damage.
A hound comes into view.
The water moccasin barely misses you.
There is an escape hatch in the ceiling here.
The gnoll shouts!
The hound barks!
You hear a shout!
The water moccasin barely misses you. The gnoll hits you but does no damage.
A mysterious force pulls you upwards. The hatch slams shut behind you.
Found a murky sapphire potion.
Found an escape hatch in the ceiling.
Aiming: Corrosive Bolt
Press: ? - help, Shift-Dir - straight line, f - water moccasin
Aim: a water moccasin (53% to hit)
The bolt of acid hits the water moccasin!
The acid corrodes the water moccasin!
The water moccasin is heavily wounded.
The water moccasin bites you.
You die...

... ... . ##
..# .. ..
..#### ... .
!. ....##...#
...#.
........#
......#......#
.......@#
......S.#
........#
.......##
......# ....##
.<.# .##


You could see a water moccasin (corroded).

Vanquished Creatures
  A jackal (D:8)
1 creature vanquished.

Notes
Turn   | Place    | Note
-------+----------+-------------------------------------------
     0 | D:5      | Froggeryz the Gargoyle Delver began the quest for the Orb.
     0 | D:5      | Reached XP level 1. HP: 14/14 MP: 1/1
    32 | D:5      | You fall into a shaft and drop 3 floors!
    46 | D:8      | Found a hide-covered altar of Uskayaw.
    80 | D:8      | Noticed a wight
    84 | D:8      | Noticed a water moccasin
   111 | D:8      | Noticed a gnoll sergeant
   209 | D:8      | Noticed a hound
   212 | D:7      | Slain by a water moccasin

Illustrated notes

Levels and vault maps discovered:
D:5:      nicolae_cairo_tiling_large_dashed, layout_gridville,
          nicolae_ashenzari_skybound, elyvilon_altar_5, serial_park_tiny_1,
          grunt_decor_junction, st_stairs_11, hex_tiny, skrybe_limestone_x
D:7:      layout_cave_pods, nemelex_spade_bored_becter
D:8:      layout_cave_pools, eat_drink_and_be_merry_uskayaw, dpeg_lair_monsters,
          serial_gnoll_camp, gnoll_camp_mini_house, gnoll_camp_mini_basic,
          gnoll_camp_mini_doghouse, gnoll_camp_medium_02

Action                   || total
-------------------------++-------
Melee: Mace              ||     3
Evoke: Wand              ||     1
Armor: Leather armour    ||     5
Dodge: Dodged            ||     7

Table legend: (Time is in decaauts)
 A = Elapsed time spent in this place.
 B = Non-inter-level travel time spent in this place.
 C = Inter-level travel time spent in this place.
 D = Time resting spent in this place.
 E = Time spent auto-exploring this place.
 F = Levels seen in this place.
 G = Mean time per level.
                   A        B        C        D        E       F      G
               +--------+--------+--------+--------+--------+-----+--------+
         Total |    212 |    212 |      0 |     63 |     40 |   3 |   70.7 |
       Dungeon |    212 |    212 |      0 |     63 |     40 |   3 |   70.7 |
               +--------+--------+--------+--------+--------+-----+--------+

Top non-repeatable levels by time:
     D:8: 179 daAuts
     D:5: 32 daAuts
     D:7: 0 daAuts
